 Dungeon Crawl Stone Soup version 0.31-a0-1388-g4b2ba238e7 (webtiles) character file.

Game seed: 14397510315959689800

126 MisterAzrael the Changeling (level 4, -5/40 HPs)
             Began as a Troll Shapeshifter on Dec 24, 2023.
             Was an Initiate of Ashenzari.
             Slain by a fire elemental (13 damage)
             ... created by the fiery vengeance of Ignis
             ... on level 3 of the Dungeon.
             The game lasted 00:03:49 (2059 turns).

MisterAzrael the Changeling (Troll Shapeshifter)    Turns: 2059, Time: 00:03:50

Health: -5/40      AC:  4    Str: 24    XL:     4   Next: 84%
Magic:  3/3        EV:  9    Int:  6    God:    Ashenzari [......]
Gold:   128        SH:  0    Dex:  9    Spells: 3/3 levels left

rFire   . .          .
                       - Unarmed
rCold   + . .        (no shield)
rNeg    . . .        a - +0 animal skin
rPois   .            (helmet currently unavailable)
rElec   .            (cloak currently unavailable)
rCorr   .            (gloves unavailable)
SInv    .            (boots unavailable)
Will    .....        (no amulet)
Stlth   +            e - ring of protection from cold
HPRegen 1.06/turn    (no ring)
MPRegen 0.08/turn

%: no passive effects
@: beast-form, fire susceptible
A: beast (slay +2), large, unfitting armour, claws 3, regeneration 1, shaggy fur
1, tough skin 1
a: Begin Untransformation, Renounce Religion


You were on level 3 of the Dungeon.
You worshipped Ashenzari.
Ashenzari was noncommittal.
You were a hulking beast.
You visited 1 branch of the dungeon, and saw 3 of its levels.

You collected 128 gold pieces.

Inventory:

Armour
 a - a +0 animal skin (worn)
Jewellery
 e - a ring of protection from cold (left claw)
Talismans
 b - a blade talisman
 c - a beast talisman
 d - a flux talisman
Scrolls
 f - 2 scrolls of fog {unknown}
 i - a scroll of amnesia {unknown}
 j - 3 scrolls of teleportation {unknown}
 k - 2 scrolls of identify {unknown}
 o - a scroll of vulnerability {unknown}
 q - a scroll of silence {unknown}
Potions
 g - a potion of attraction {unknown}
 h - a potion of brilliance {unknown}
 l - a potion of heal wounds {unknown}
 m - a potion of enlightenment {unknown}
 n - a potion of curing {unknown}
 p - a potion of might {unknown}


   Skills:
 - Level 0.7 Fighting
 - Level 1.5 Dodging
 + Level 4.0 Unarmed Combat
 * Level 4.6 Shapeshifting


You had 3 spell levels left.
You didn't know any spells.
Your spell library contained the following spells:

 Spells                   Type           Power      Damage    Failure   Level
 Blink                    Tloc           0%         N/A       58%         2
 Lesser Beckoning         Tloc           0%         N/A       58%         2
 Momentum Strike          Conj/Tloc      0%         3d8       58%         2


Dungeon Overview and Level Annotations

Branches:
Dungeon (3/15)

Altars:
Ashenzari
Xom
Ignis


Innate Abilities, Weirdness & Mutations

You are a hulking beast.
Your limbs bulge with bestial killing power. (Slay +2)
You are too large for most types of armour.
You have claws for hands.
Your natural rate of healing is unusually fast.
You are covered in fur. (AC +1)
You have tough skin. (AC +1)


Message History

The jelly is heavily wounded.
The jelly hits you. The acid corrodes you!
You are splashed with acid!
You scratch the jelly. The acid corrodes you!
Your claws burn!
The jelly is severely wounded.
The jelly closely misses you.
You scratch the jelly but do no damage.
Your claws burn!
The jelly is severely wounded.
The jelly barely misses you.
You claw the jelly!
You kill the jelly!
Your Unarmed Combat skill increases to level 4!
You start resting.
HP restored.
Things that are here:
a +0 club; a gnoll corpse You see here a hobgoblin corpse.
Found a blade talisman.
A kobold comes into view. It is wielding a +0 short sword.
The kobold shouts!
The kobold closely misses you.
You barely miss the kobold. The kobold closely misses you.
You barely miss the kobold.
The kobold hits you with a +0 short sword.
You claw the kobold!
You kill the kobold!
No target in view!
Found a scroll labelled GUYKKE QINURCH.
You are no longer corroded.
You see here a blade talisman.
b - a blade talisman
j - 3 scrolls labelled GUYKKE QINURCH (gained 1) "With a thousand fires I burned cities, but these will suffice for you!" 3 fire elementals come into view.
There are monsters nearby!
The fire elemental hits you. The fire elemental burns you!
The fire elemental hits you. The fire elemental burns you!
The fire elemental hits you. The fire elemental burns you!
* * * LOW HITPOINT WARNING * * *
The fire elemental hits you. The fire elemental burns you!
You die...

##...#.# #..#.#.#
####.##.#.# ###
#>......... ...
#........## #.#
###.###....## #.#
#⌠#.#⌠#....##
#.####.....#....##
#h#..#.._..#....##
#EE..#.....#....##
#E○..#######....##
#.○.............##
##.°............##
#.☼○.............
#...°....#######.
#.........# #.
######....# #.


You could see 3 fire elementals.

Vanquished Creatures
  A jelly (D:3)
  3 gnolls (D:3)
  An adder (D:2)
  5 ball pythons
  2 bats (D:1)
  2 endoplasms
  3 giant cockroaches
  2 goblins (D:1)
  6 hobgoblins
  10 jackals (D:1)
  2 quokkas
  A frilled lizard (D:1)
  8 kobolds
  4 rats
50 creatures vanquished.

Notes
Turn   | Place    | Note
-------+----------+-------------------------------------------
     0 | D:1      | MisterAzrael the Troll Shapeshifter began the quest for the
                  | Orb.
     0 | D:1      | Reached XP level 1. HP: 18/18 MP: 0/0
   144 | D:1      | Reached XP level 2. HP: 25/26 MP: 1/1
   782 | D:1      | Reached XP level 3. HP: 32/32 MP: 2/2
  1142 | D:2      | Found a faded altar of an unknown god.
  1213 | D:2      | Prayed at the altar of an unknown god.
  1213 | D:2      | Became a worshipper of Ignis, the Dying Flame
  1612 | D:3      | Found a shimmering altar of Xom.
  1891 | D:3      | Found a broken altar of Ashenzari.
  1914 | D:3      | Fell from the grace of Ignis
  1914 | D:3      | Became a worshipper of Ashenzari the Shackled
  1953 | D:3      | Reached XP level 4. HP: 23/40 MP: 3/3
  2051 | D:3      | Noticed a fire elemental
  2051 | D:3      | Noticed a fire elemental
  2051 | D:3      | Noticed a fire elemental
  2059 | D:3      | Slain by a fire elemental

Illustrated notes

Levels and vault maps discovered:
D:1:      saegor_arrival_miasma, layout_basic, minivault_19
D:2:      layout_loops_cross, hellmonk_ecumenical_altar_arch_garden,
          minmay_misc_feat_room, eino_tiny_chamber
D:3:      layout_basic, mainiacjoe_overflow_brackets,
          mainiacjoe_overflow_alcove_2, nicolae_concentric_dashed_squares_mild,
          minmay_crystal_room

Skill      XL: |  1  2  3  4 |
---------------+-------------+-----
Shapeshifting  | 4 |  4.6
Unarmed Combat | 4 |  4.0
Fighting       | |  0.7
Dodging        | |  1.5

Action                     |  1- 3 |  4- 6 || total
---------------------------+-------+-------++-------
  Melee: Unarmed           |   112 |    12 ||   124
    Use: Potion            |     1 |       ||     1
   Stab: Sleeping          |     1 |       ||     1
 Armour: Animal skin       |    75 |    10 ||    85
         Skin              |    10 |     4 ||    14
  Dodge: Dodged            |    56 |     5 ||    61

Table legend: (Time is in decaauts)
 A = Elapsed time spent in this place.
 B = Non-inter-level travel time spent in this place.
 C = Inter-level travel time spent in this place.
 D = Time resting spent in this place.
 E = Time spent auto-exploring this place.
 F = Levels seen in this place.
 G = Mean time per level.
                   A        B        C        D        E       F      G
               +--------+--------+--------+--------+--------+-----+--------+
         Total |   2050 |   1984 |     66 |    116 |   1545 |   3 |  683.3 |
       Dungeon |   2050 |   1984 |     66 |    116 |   1545 |   3 |  683.3 |
               +--------+--------+--------+--------+--------+-----+--------+

Top non-repeatable levels by time:
     D:1: 810 daAuts
     D:2: 721 daAuts
     D:3: 518 daAuts
